 Dungeon Crawl Stone Soup version 0.32-a0-683-ge26c5db (webtiles) character file.

Game seed: 17046515955765752632

143 Toastz the Grave Robber (level 5, 0/38 HPs)
             Began as a Demonspawn Necromancer on Mar 11, 2024.
             Slain by a gnoll
             ... wielding a +0 spear
              (9 damage)
             ... on level 3 of the Dungeon.
             The game lasted 00:07:33 (2744 turns).

Toastz the Grave Robber (Demonspawn Necromancer)    Turns: 2744, Time: 00:07:34

Health: 0/38       AC:  3    Str:  8    XL:     5   Next: 4%
Magic:  5/9        EV: 12    Int: 17    God:
Gold:   178        SH:  0    Dex: 14    Spells: 1/9 levels left

rFire   . . .        r - +3 rapier (venom)
rCold   . . .        (no shield)
rNeg    . . .        a - +0 robe
rPois   .            m - +0 helmet
rElec   .            (no cloak)
rCorr   .            (no gloves)
SInv    .            (no boots)
Will    .....        (no amulet)
Stlth   ++           (no ring)
HPRegen 0.26/turn    (no ring)
MPRegen 0.22/turn

%: no passive effects
@: no status effects
A: magic regeneration
a: no special abilities


You were on level 3 of the Dungeon.
You visited 1 branch of the dungeon, and saw 3 of its levels.

You collected 178 gold pieces.

Inventory:

Hand Weapons
 e - a +1 dagger of draining
 r - a +3 rapier of venom (weapon)
Missiles
 j - 9 poisoned darts
Armour
 a - a +0 robe (worn)
 c - a +1 ring mail of fire resistance
 l - a +1 ring mail of cold resistance
 m - a +0 helmet (worn)
Scrolls
 i - 3 scrolls of torment
 k - a scroll of fog
 n - a scroll of blinking {unknown}
 o - a scroll of brand weapon {unknown}
 q - a scroll of revelation {unknown}
Potions
 b - a potion of magic
 d - a potion of heal wounds
 f - a potion of berserk rage {unknown}
 g - a potion of attraction {unknown}
 h - a potion of brilliance {unknown}
 p - a potion of enlightenment {unknown}


   Skills:
 + Level 1.7 Fighting
 + Level 2.6 Dodging
 - Level 1.7 Stealth
 + Level 2.8 Spellcasting
 * Level 5.6 Necromancy


You had one spell level left.
You knew the following spells:

 Your Spells              Type           Power      Damage    Failure   Level
a - Necrotise             Necr           84%        1d8       1%          1
b - Vampiric Draining     Necr           21%        2d7       5%          3
c - Animate Dead          Necr           21%        N/A       17%         4

Your spell library contained the following spells:

 Spells                   Type           Power      Damage    Failure   Level
 Slow                     Hex            8%         N/A       19%         1
 Lesser Beckoning         Tloc           4%         N/A       26%         2
 Curse of Agony           Necr           21%        N/A       43%         5
 Confusing Touch          Hex            2%         N/A       47%         3
 Gell's Gravitas          Tloc           2%         N/A       47%         3
 Hailstorm                Conj/Ice       2%         3d5       47%         3
 Summon Ice Beast         Ice/Summ       2%         N/A       47%         3
 Teleport Other           Tloc           2%         N/A       47%         3
 Permafrost Eruption      Ice/Erth       1%         2x4d2     100%        6
 Sculpt Simulacrum        Ice/Alch       1%         N/A       100%        6


Dungeon Overview and Level Annotations

Branches:
Dungeon (3/15)

Altars:
Uskayaw

Shops:
D:1 (


Innate Abilities, Weirdness & Mutations

You regenerate magic rapidly.


Message History

You start resting.
HP restored.
Things that are here:
a +0 whip; a +0 club
There is a stone staircase leading down here.
You climb downwards.
There is a stone staircase leading up, spattered with blood here.
Casting: Necrotise (safe; 1% risk of failure)
Confirm with . or Enter, or press ? or * to list all spells.
Aiming: Necrotise (safe; 1% risk of failure)
Press: ? - help, Shift-Dir - straight line, f - gnoll
Aim: a gnoll, wielding a +0 halberd (chance to affect: 85%)
The gnoll writhes in agony.
The gnoll misses you.
The gnoll hits you from afar with a +0 halberd.
Casting: Necrotise (safe; 1% risk of failure)
Confirm with . or Enter, or press ? or * to list all spells.
Aiming: Necrotise (safe; 1% risk of failure)
Press: ? - help, Shift-Dir - straight line, f/p - gnoll
Aim: a gnoll, wielding a +0 halberd (moderately wounded, chance to affect: 85%)
The gnoll writhes in agony!
The gnoll hits you from afar with a +0 spear!
The gnoll hits you from afar with a +0 halberd!
* * * LOW HITPOINT WARNING * * *
Casting: Necrotise (safe; 1% risk of failure)
Confirm with . or Enter, or press ? or * to list all spells.
Aiming: Necrotise (safe; 1% risk of failure)
Press: ? - help, Shift-Dir - straight line, f/p - gnoll
Aim: a gnoll, wielding a +0 halberd (almost dead, chance to affect: 85%)
The gnoll writhes in agony!
You kill the gnoll!
The dead are walking!
The gnoll barely misses you.
You have reached level 5!
Casting: Necrotise (safe; 1% risk of failure)
Confirm with . or Enter, or press ? or * to list all spells.
Aiming: Necrotise (safe; 1% risk of failure)
Press: ? - help, Shift-Dir - straight line, f - gnoll
Aim: a gnoll, wielding a +0 spear (ally target, chance to affect: 85%)
The gnoll writhes in agony.
The gnoll hits you from afar with a +0 spear!
You die...

. ##### ....g
.######...#######.......
......g...................
...####...###.....#......##
...#..)....#..............##
....))#....................#
...##..)........).......)..#
...####...#..............?.#
...# #...#....Z@..........#
..g# #####.....<..........#
##g# #....g)..........# #.#
##..............## ##g####
##...[..#.....## ....g.#
######.####### ##.##.#
#####..##
#.##.#######.......#
##..........g.##....#


You could see a gnoll (ally target) and a friendly gnoll skeleton.

Vanquished Creatures
  An orc wizard (D:3)
  3 gnolls
  3 adders
  2 dart slugs
  3 ribbon worms (D:2)
  3 orcs (D:3)
  4 ball pythons
  5 bats
  2 endoplasms (D:2)
  A giant cockroach (D:2)
  4 goblins
  2 hobgoblins
  2 quokkas
  2 frilled lizards
  3 kobolds
  9 rats
49 creatures vanquished.

Vanquished Creatures (collateral kills)
  A dart slug (D:1)
  A frilled lizard (D:2)
  A rat (D:1)
3 creatures vanquished.

Grand Total: 52 creatures vanquished

Notes
Turn   | Place    | Note
-------+----------+-------------------------------------------
     0 | D:1      | Toastz the Demonspawn Necromancer began the quest for the
                  | Orb.
     0 | D:1      | Reached XP level 1. HP: 13/13 MP: 3/3
   168 | D:1      | Found Ybrul's Weapon Shop.
   291 | D:1      | Gained mutation: You regenerate magic rapidly. [demonic
                  | ancestry]
   291 | D:1      | Reached XP level 2. HP: 19/19 MP: 5/5
   775 | D:2      | Reached XP level 3. HP: 19/25 MP: 1/6
   878 | D:2      | Reached skill level 5 in Necromancy
  1180 | D:2      | Reached skill level 1 in Fighting
  1393 | D:2      | Learned a level 3 spell: Vampiric Draining
  2175 | D:3      | Reached XP level 4. HP: 31/31 MP: 7/7
  2387 | D:3      | Found a hide-covered altar of Uskayaw.
  2452 | D:3      | Learned a level 4 spell: Animate Dead
  2744 | D:3      | Reached XP level 5. HP: 9/38 MP: 5/9
  2744 | D:3      | Slain by a gnoll

Illustrated notes

Levels and vault maps discovered:
D:1:      dpeg_arrival_ratfight, layout_basic, serial_shops,
          nicolae_shop_pleasant_corner_grove
D:2:      layout_loops_ring, serial_rivers, chequers_serial_rivers_marsh,
          chequers_serial_rivers_micro_a, chequers_serial_rivers_large_a,
          chequers_serial_rivers_room_a, chequers_serial_rivers_small_b,
          chequers_big_river, st_stairs_10
D:3:      layout_rooms, nicolae_uskayaw_dance_hall, mainiacjoe_overflow_24_doors

Skill      XL: |  1  2  3 |
---------------+----------+-----
Dodging        | 2 |  2.6
Necromancy     | 5 |  5.6
Fighting       | 1 |  1.7
Stealth        | |  1.7
Spellcasting   | |  2.8

Action                     |  1- 3 |  4- 6 || total
---------------------------+-------+-------++-------
  Melee: Whip              |    10 |       ||    10
         Unarmed           |     1 |       ||     1
         Hand axe          |    11 |       ||    11
         Rapier            |     6 |     9 ||    15
   Cast: Necrotise         |    56 |    20 ||    76
         Vampiric Draining |     1 |     4 ||     5
    Use: Scroll            |     3 |       ||     3
   Stab: Sleeping          |       |     1 ||     1
 Armour: Robe              |    29 |    32 ||    61
  Dodge: Dodged            |    24 |    25 ||    49

Table legend: (Time is in decaauts)
 A = Elapsed time spent in this place.
 B = Non-inter-level travel time spent in this place.
 C = Inter-level travel time spent in this place.
 D = Time resting spent in this place.
 E = Time spent auto-exploring this place.
 F = Levels seen in this place.
 G = Mean time per level.
                   A        B        C        D        E       F      G
               +--------+--------+--------+--------+--------+-----+--------+
         Total |   2796 |   2688 |    108 |    444 |   1680 |   3 |  932.0 |
       Dungeon |   2796 |   2688 |    108 |    444 |   1680 |   3 |  932.0 |
               +--------+--------+--------+--------+--------+-----+--------+

Top non-repeatable levels by time:
     D:2: 1559 daAuts
     D:1: 803 daAuts
     D:3: 433 daAuts
